 Dungeon Crawl Stone Soup version 0.32-a0-128-g77eb882913 (webtiles) character file.

Game seed: 8767392463584547474

553 jasper the Cudgeller (level 7, 0/66 HPs)
             Began as an Oni Gladiator on Feb 7, 2024.
             Was a Believer of Okawaru.
             Slain by an ogre
             ... wielding a +0 giant club
              (31 damage)
             ... on level 4 of the Dungeon.
             The game lasted 00:06:18 (4550 turns).

jasper the Cudgeller (Oni Gladiator)                Turns: 4550, Time: 00:06:18

Health: 0/66       AC:  3    Str: 19    XL:     7   Next: 29%
Magic:  9/9        EV: 10    Int: 11    God:    Okawaru [**....]
Gold:   102        SH:  0    Dex: 10    Spells: 6/6 levels left

rFire   + . .        p - +2 flail (venom)
rCold   . . .        (no shield)
rNeg    . . .        b - +0 robe
rPois   .            c - +0 hat
rElec   .            (no cloak)
rCorr   .            (gloves unavailable)
SInv    .            (boots unavailable)
Will    .....        (no amulet)
Stlth   +            m - ring of protection from fire
HPRegen 0.31/turn    (no ring)
MPRegen 0.11/turn

%: no passive effects
@: no status effects
A: large, unfitting armour, horns 1, tough skin 1, double potion healing,
drunken brawling
a: Renounce Religion, Heroism


You were on level 4 of the Dungeon.
You worshipped Okawaru.
Okawaru was pleased with you.
You visited 1 branch of the dungeon, and saw 4 of its levels.

You collected 132 gold pieces.
You spent 30 gold pieces at shops.

Inventory:

Hand Weapons
 a - a +0 flail
 p - a +2 flail of venom (weapon)
Missiles
 d - 5 throwing nets
 f - 33 stones
Armour
 b - a +0 robe (worn)
 c - a +0 hat (worn)
Jewellery
 m - a ring of protection from fire (left hand)
Scrolls
 e - 2 scrolls of identify
 j - a scroll of revelation
 k - a scroll of noise
 o - 3 scrolls of teleportation
 r - a scroll of blinking {unknown}
 s - a scroll of poison
Potions
 g - 2 potions of lignification
 h - 2 potions of might
 i - a potion of cancellation
 l - a potion of enlightenment {unknown}


   Skills:
 - Level 2.6 Fighting
 + Level 7.3 Maces & Flails
 - Level 3.0 Throwing
 - Level 2.6 Dodging
 - Level 3.0 Invocations


You had 6 spell levels left.
You didn't know any spells.
Your spell library contained the following spells:

 Spells                   Type           Power      Damage    Failure   Level
 Apportation              Tloc           0%         N/A       34%         1
 Ensorcelled Hibernation  Hex/Ice        0%         N/A       47%         2
 Jinxbite                 Hex            0%         N/A       47%         2
 Passwall                 Erth           0%         N/A       71%         3
 Swiftness                Air            0%         N/A       71%         3
 Alistair's Intoxication  Alch           0%         N/A       100%        5


Dungeon Overview and Level Annotations

Branches:
Dungeon (4/15)             Temple (0/1) D:4

Altars:
Okawaru

Shops:
D:1 !=   D:2 =


Innate Abilities, Weirdness & Mutations

You are too large for most types of armour.
You have a pair of small horns on your head.
You have tough skin. (AC +1)
You gain doubled healing and magic from potions.
Whenever you drink a healing potion, you attack all around you.


Message History

You hit the orc.
The orc is poisoned.
Your headbutt misses the orc.
The orc is severely wounded.
The orc hits you with a +0 hand axe. The orc hits you with a +0 mace.
The orc hits you with a +0 club.
You take 12 damage, and have 47/66 hp.
You hit the orc.
The orc is lightly wounded.
The orc hits you with a +0 club. The orc hits you with a +0 hand axe.
The orc hits you with a +0 mace!
You take 15 damage, and have 32/66 hp.
MASSIVE DAMAGE!!
You hit the orc.
The orc is poisoned.
The orc is heavily wounded.
The orc misses you. The orc hits you but does no damage. The orc misses you.
An ogre comes into view. It is wielding a +0 giant club.
You hit the orc.
You kill the orc!
Okawaru accepts your kill. The orc barely misses you.
The orc hits you with a +0 club.
You take 4 damage, and have 28/66 hp.
You hit the orc. You headbutt the orc.
You kill the orc!
Okawaru accepts your kill. The orc hits you but does no damage.
You kill the orc!
Okawaru accepts your kill.
Things that are here:
a +0 mace; a boomerang; an orc corpse
Things that are here:
a +0 club; a +0 scale mail Throw: large rock
Press: ? - help, Q - select action, (/) - cycle Shift-Dir - straight line, f - ogre
Aim: an ogre, wielding a +0 giant club (71% to hit)
You throw a large rock. The large rock hits the ogre!!
The ogre is severely wounded.
Okay, then.
You barely miss the ogre. Your headbutt misses the ogre.
You punch the ogre, but do no damage.
The ogre is severely wounded.
The ogre hits you with a +0 giant club!!
You die...

...............## #.....
................## ###....
.................## #.##....
..................## ##.# #...#
...................##+##.# #...#
.........................# ##.##
......................#..## #..#
...........)..)......###..###..#
.......))..O@....# ##..#...#
.................# ##.....#
.........(.......# #.....#
...........#.....# ##....#
......#######....# #....# ..##.#
#....# ##..... . ## #.....#
.....# .#...# #...## ##..#


You could see an ogre.

Vanquished Creatures
  A phantom (D:4)
  3 orc priests (D:4)
  A sleepcap (D:4)
  An orc wizard (D:4)
  7 adders
  17 gnolls
  A ribbon worm (D:2)
  16 orcs
  6 ball pythons
  7 bats
  7 endoplasms
  5 giant cockroaches
  5 goblins
  6 hobgoblins
  10 kobolds
  2 quokkas
  3 frilled lizards
  9 rats
107 creatures vanquished.

Notes
Turn   | Place    | Note
-------+----------+-------------------------------------------
     0 | D:1      | jasper the Oni Gladiator began the quest for the Orb.
     0 | D:1      | Reached XP level 1. HP: 22/22 MP: 1/1
    95 | D:1      | Reached XP level 2. HP: 28/29 MP: 2/2
   121 | D:1      | Found Zyis's Distillery.
   447 | D:1      | Reached skill level 4 in Maces & Flails
   590 | D:1      | Found a faded altar of an unknown god.
   612 | D:1      | Prayed at the altar of an unknown god.
   612 | D:1      | Became a worshipper of Warmaster Okawaru
   612 | D:1      | Reached * piety under Okawaru
   691 | D:1      | Reached XP level 3. HP: 30/36 MP: 3/3
   744 | D:1      | Found Jolielay's Jewellery Boutique.
  1182 | D:1      | Bought a potion of lignification for 30 gold pieces
  1311 | D:2      | Reached skill level 1 in Invocations
  1476 | D:2      | Reached XP level 4. HP: 44/44 MP: 4/6
  1995 | D:2      | Reached XP level 5. HP: 49/50 MP: 7/7
  2448 | D:2      | Found Vetresch's Jewellery Shoppe.
  3246 | D:3      | Reached skill level 5 in Maces & Flails
  3461 | D:4      | Reached XP level 6. HP: 52/59 MP: 8/8
  3548 | D:4      | Reached ** piety under Okawaru
  3549 | D:4      | Reached skill level 6 in Maces & Flails
  3909 | D:4      | Found a staircase to the Ecumenical Temple.
  4228 | D:4      | Reached XP level 7. HP: 27/66 MP: 9/9
  4229 | D:4      | Reached skill level 7 in Maces & Flails
  4550 | D:4      | Slain by an ogre

Illustrated notes

Levels and vault maps discovered:
D:1:      onia_arrival_pyramid, layout_basic, serial_shops, shop, shop,
          shapermc_ecumenical_altar_notcrosses, roderic_cross_of_infinity,
          minmay_box_of_dots
D:2:      layout_basic, serial_shops, shop
D:3:      layout_rooms
D:4:      layout_layer_cave, minmay_temple_entry_drinking_statues,
          dk_noncrumbling_4, nicolae_half_adder, uniq_natasha

Skill      XL: |  1  2  3  4  5  6  7 |
---------------+----------------------+-----
Maces & Flails | 4 5 6 7 |  7.3
Invocations    | 2 3 |  3.0
Throwing       | 3 |  3.0
Fighting       | |  2.6
Dodging        | |  2.6

Action                     |  1- 3 |  4- 6 |  7- 9 || total
---------------------------+-------+-------+-------++-------
  Melee: Flail             |    89 |   155 |    15 ||   259
         Headbutt          |    14 |    30 |     3 ||    47
         Punch             |     1 |     2 |     1 ||     4
  Throw: Throwing net      |     1 |       |       ||     1
         Large rock        |       |     3 |     1 ||     4
    Use: Scroll            |     2 |     4 |       ||     6
         Potion            |       |     2 |       ||     2
   Stab: Sleeping          |     1 |       |       ||     1
 Armour: Robe              |    55 |   112 |    14 ||   181
  Dodge: Dodged            |    56 |    70 |     6 ||   132

Table legend: (Time is in decaauts)
 A = Elapsed time spent in this place.
 B = Non-inter-level travel time spent in this place.
 C = Inter-level travel time spent in this place.
 D = Time resting spent in this place.
 E = Time spent auto-exploring this place.
 F = Levels seen in this place.
 G = Mean time per level.
                   A        B        C        D        E       F      G
               +--------+--------+--------+--------+--------+-----+--------+
         Total |   4598 |   4504 |     94 |    408 |   3219 |   4 | 1149.5 |
       Dungeon |   4598 |   4504 |     94 |    408 |   3219 |   4 | 1149.5 |
               +--------+--------+--------+--------+--------+-----+--------+

Top non-repeatable levels by time:
     D:1: 1429 daAuts
     D:2: 1411 daAuts
     D:4: 1169 daAuts
     D:3: 588 daAuts
